 Dungeon Crawl Stone Soup version 0.29.1-15-g9cfb28693d (webtiles) character file.

Game seed: 8162128858419271572

229 Omnicron the Grasshopper (level 5, 0/42 HPs)
             Began as a Palentonga Warper on Mar 4, 2023.
             Slain by a hound (4 damage)
             ... on level 3 of the Dungeon.
             The game lasted 00:14:34 (2570 turns).

Omnicron the Grasshopper (Palentonga Warper)        Turns: 2570, Time: 00:14:34

Health: 0/42       AC:  5    Str: 17    XL:     5   Next: 71%
Magic:  1/9        EV:  9    Int: 13    God:
Gold:   170        SH:  0    Dex: 11    Spells: 7/9 levels left

rFire   . . .      SeeInvis +   a - +0 hand axe
rCold   . . .      Faith    .   (no shield)
rNeg    . . .      Spirit   .   b - +0 leather armour
rPois   .          Reflect  .   m - +0 helmet
rElec   .          Harm     .   (no cloak)
rCorr   .          Rampage  .   (no gloves)
Will    .....                   (no barding)
Stlth   +.........              (no amulet)
HPRegen 0.14/turn               (no ring)
MPRegen 0.11/turn               (no ring)

@: no status effects
A: large, rugged brown scales 3, see invisible, deformed body, roll 1, armoured
tail
a: Rolling Charge


You were on level 3 of the Dungeon.
You visited 1 branch of the dungeon, and saw 4 of its levels.

You collected 170 gold pieces.

Inventory:

Hand Weapons
 a - a +0 hand axe (weapon)
Missiles
 d - 7 boomerangs of dispersal
 k - 4 throwing nets
Armour
 b - a +0 leather armour (worn)
 m - a +0 helmet (worn)
 u - a +0 tower shield
Scrolls
 c - a scroll of blinking
 e - a scroll of magic mapping {unknown}
 f - a scroll of poison {unknown}
 g - a scroll of fear {unknown}
 i - 2 scrolls of immolation {unknown}
 j - a scroll of noise {unknown}
 o - 3 scrolls of teleportation {unknown}
 p - 4 scrolls of identify {unknown}
Potions
 h - a potion of haste {unknown}
 l - a potion of resistance {unknown}
 n - a potion of attraction {unknown}
 q - 2 potions of cancellation {unknown}
 r - a potion of flight {unknown}
 s - a potion of lignification {unknown}
 t - a potion of curing {unknown}


   Skills:
 + Level 2.9 Fighting
 + Level 3.0 Axes
 - Level 0.7 Throwing
 + Level 1.9 Armour
 + Level 2.3 Dodging
 + Level 0.6 Shields
 + Level 2.8 Spellcasting
 + Level 3.8 Translocations


You had 7 spell levels left.
You knew the following spells:

 Your Spells              Type           Power      Damage    Failure   Level
a - Blink                 Tloc           22%        N/A       9%          2

Your spell library contained the following spells:

 Spells                   Type           Power      Damage    Failure   Level
 Gell's Gravitas          Tloc           11%        N/A       17%         3
 Lesser Beckoning         Tloc           11%        N/A       17%         3
 Teleport Other           Tloc           11%        N/A       17%         3
 Foxfire                  Conj/Fire      4%         2x1d4     28%         1
 Conjure Flame            Conj/Fire      1%         6-21      63%         3
 Inner Flame              Hex/Fire       1%         N/A       63%         3
 Manifold Assault         Tloc           11%        N/A       85%         5
 Flame Wave               Conj/Fire      1%         2d4       95%         4
 Storm Form               Tmut/Air       0%         N/A       100%        7


Dungeon Overview and Level Annotations

Branches:
Dungeon (4/15)
 Temple: D:4-7

Altars:
Ashenzari


Innate Abilities, Weirdness & Mutations

You are completely covered in rugged brown scales. (AC +3, +7% HP)
You have supernaturally acute eyesight. (SInv)
Armour fits poorly on your strangely shaped body.
You can roll at nearby foes to attack.
You have a long armoured tail.


Message History

The hound bites you but does no damage.
You slash the hound!
The hound is almost dead.
You feel stable enough to blink again.
The hound bites you but does no damage. x2
Casting: Blink (safe; 9% risk of failure)
Confirm with . or Enter, or press ? or * to list all spells.
You blink.
You miss the hound.
The hound is almost dead.
The hound closely misses you. The hound bites you but does no damage.
You miss the hound.
The hound is almost dead.
You feel stable enough to blink again. The hound closely misses you.
Casting: Blink (safe; 9% risk of failure)
Confirm with . or Enter, or press ? or * to list all spells.
You blink.
You hit the hound.
The hound is almost dead.
The hound barely misses you. The hound closely misses you.
You closely miss the hound.
The hound is almost dead.
The hound bites you but does no damage. The hound barely misses you.
You barely miss the hound.
The hound is almost dead.
The hound barely misses you.
You hit the hound but do no damage.
The hound is almost dead.
The hound barely misses you. The hound closely misses you.
The hound stops to sniff the ground.
You hit the hound. You tail-slap the hound.
You kill the hound!
You feel stable enough to blink again.
Your Axes skill increases to level 3!
Casting: Blink (safe; 9% risk of failure)
Confirm with . or Enter, or press ? or * to list all spells.
You don't have enough magic to cast this spell.
You barely miss the hound. The hound bites you.
You die...

>.......>.........[...# #
.#.##...[.........##### #
.#....############# # .###### #
.# #### # .# ### #..# # .# ##.##
#..# #
.#########.#.#######..###########
.......).......h@................
##########.#.####################
##.## ###


You could see a hound.

Vanquished Creatures
  3 hounds
  4 adders
  5 gnolls
  2 dart slugs
  5 bats
  6 endoplasms
  3 giant cockroaches
  4 goblins
  2 hobgoblins (D:1)
  7 kobolds
  4 quokkas
  4 ball pythons
  8 frilled lizards
  A rat (D:1)
58 creatures vanquished.

Notes
Turn   | Place    | Note
-------+----------+-------------------------------------------
     0 | D:1      | Omnicron the Palentonga Warper began the quest for the Orb.
     0 | D:1      | Reached XP level 1. HP: 17/17 MP: 3/3
   224 | D:1      | Reached XP level 2. HP: 18/23 MP: 5/5
   227 | D:1      | Learned a level 2 spell: Blink
   305 | D:1      | Reached skill level 1 in Armour
   614 | D:1      | Reached XP level 3. HP: 28/28 MP: 6/6
  1198 | D:2      | Found a faded altar of an unknown god.
  1297 | D:2      | Reached XP level 4. HP: 33/36 MP: 7/7
  1497 | D:3      | Found a broken altar of Ashenzari.
  1543 | D:3      | Identified the +11 dagger of Oqarr {flame, Will+ rCorr
                  | Str-2}
  2177 | D:3      | Reached XP level 5. HP: 41/41 MP: 8/8
  2555 | D:3      | HP: 2/42 [hound (2)]
  2570 | D:3      | Slain by a hound

Illustrated notes

Levels and vault maps discovered:
D:1:      lightli_arrival_windingriver, layout_rooms,
          minmay_misc_feat_secret_circle, minmay_3d_cube
D:2:      layout_rooms, chequers_ecumenical_altar_lobes
D:3:      layout_loops_ring, mainiacjoe_overflow_chevrons
D:4:      layout_loops_cross, mainiacjoe_overflow_catwalk,
          nicolae_ossuary_entry_catacombs, minmay_strange_pillars

Skill      XL: |  1  2  3  4  5 |
---------------+----------------+-----
Armour         | 1 |  1.9
Dodging        | 2 |  2.3
Axes           | 3 |  3.0
Fighting       | |  2.9
Throwing       | |  0.7
Shields        | |  0.6
Spellcasting   | |  2.8
Translocations | |  3.8

Action                   |  1- 3 |  4- 6 || total
-------------------------+-------+-------++-------
Melee: Hand axe          |    88 |    86 ||   174
       Tailslap          |    12 |    11 ||    23
 Cast: Blink             |     5 |    11 ||    16
 Abil: Rolling Charge    |    26 |    23 ||    49
Armor: Leather armour    |    34 |    37 ||    71
Dodge: Dodged            |    50 |    54 ||   104
